Map: Dusk Towers

Players

Hydra

  • Race: Zerg Zerg

Snute - Winner!

  • Race: Zerg Zerg

Event: 2016 WCS Winter Circuit Championship

VOD

https://www.youtube.com/watch?v=FnKaPrFnCSw

Description

Time

  • Played on: March 5, 2016, 7:33 a.m.
  • Length: 16:24

All games in this series

Show
View Real Time Build Order
Export as new Build Order

Hydra Zerg 

Build Orders: Hatch First 

Get SALT Encoding   

  12  0:00  Drone  
  13  0:12  Overlord  
  13  0:17  Drone  
  14  0:30  Drone x2  
  14  0:34  Drone  
  17  0:50  Hatchery  
  17  0:53  Drone  
  18  0:57  Drone  
  18  1:05  Extractor  
  17  1:12  Spawning Pool  
  17  1:14  Drone  
  17  1:18  Drone  
  18  1:27  Drone  
  19  1:38  Drone  
  20  1:48  Overlord  
  20  1:58  Queen  
  22  2:02  Drone, Queen  
  22  2:03  Drone  
  22  2:07  Metabolic Boost  
  26  2:11  Drone  
  26  2:13  Drone  
  28  2:22  Drone  
  29  2:23  Zergling x2  
  29  2:24  Evolution Chamber  
  29  2:31  Zergling x2  
  29  2:35  Drone  
  31  2:43  Drone  
  32  2:45  Overlord  
  32  2:54  Hatchery  
  32  2:57  Zerg Melee Weapons Level 1  
  32  2:58  Drone  
  32  3:01  Drone  
  32  3:03  Drone  
  34  3:06  Drone  
  34  3:09  Drone  
  36  3:13  Overlord  
  36  3:16  Drone  
  36  3:17  Drone  
  38  3:20  Drone  
  38  3:21  Drone  
  38  3:23  Drone  
  41  3:27  Zergling x2  
  41  3:31  Overlord  
  42  3:38  Zergling x2  
  41  3:42  Zergling x6  
  41  3:47  Zergling x8  
  48  3:51  Queen  
  50  3:59  Zergling x4  
  50  4:09  Zergling x6  
  49  4:12  Queen  
  49  4:14  Zergling x6  
  49  4:16  Zergling x2  
  49  4:17  Zergling x6  
  47  4:27  Zergling x2  
  47  4:30  Drone  
  44  4:34  Zergling x2  
  44  4:35  Queen  
  44  4:38  Lair  
  46  4:42  Drone x2  
  48  4:46  Drone  
  48  4:48  Drone  
  48  4:49  Drone  
  48  4:51  Extractor  
  51  4:52  Drone  
  49  5:06  Zergling x12  
  51  5:14  Drone  
  51  5:16  Drone  
  51  5:20  Extractor  
  50  5:21  Drone  
  50  5:25  Baneling Nest, Zergling x10  
  54  5:32  Spine Crawler  
  54  5:33  Zergling x4  
  55  5:37  Spire  
  55  5:39  Zergling x2  
  50  5:43  Zergling x4  
  52  5:51  Drone x4  
  52  5:52  Drone  
  55  5:59  Drone  
  55  6:00  Drone x2  
  55  6:03  Drone  
  58  6:10  Spine Crawler  
  56  6:11  Zergling x2  
  56  6:12  Zergling x6  
  56  6:15  Zergling x2  
  56  6:18  Zergling x2  
  62  6:21  Zergling x6  
  62  6:25  Zergling x2  
  66  6:26  Overlord  
  66  6:30  Overlord  
  65  6:44  Baneling x2  
  65  6:45  Baneling x16  
  65  6:46  Zergling x4  
  64  6:55  Zergling x10  
  65  7:02  Zergling x2  
  65  7:03  Zergling x8  
  65  7:06  Zergling x4  
  60  7:09  Zergling x4  
  60  7:15  Zergling x6  
  57  7:19  Zergling x4  
  57  7:22  Zergling x4  
  56  7:26  Mutalisk  
  56  7:29  Mutalisk  
  53  7:33  Mutalisk  
  54  7:37  Mutalisk  
  56  7:45  Mutalisk  
  56  7:46  Mutalisk  
  56  7:49  Drone  
  56  7:50  Drone  
  62  7:56  Drone  
  60  7:59  Drone x2  
  60  8:02  Drone  
  60  8:03  Drone  
  60  8:04  Drone  
  60  8:07  Drone  
  60  8:09  Mutalisk  
  60  8:11  Mutalisk  
  63  8:16  Queen  
  63  8:19  Drone  
  67  8:20  Drone  
  67  8:24  Extractor  
  67  8:25  Drone x2  
  68  8:29  Queen  
  70  8:40  Mutalisk x2  
  74  8:45  Mutalisk  
  74  8:47  Spine Crawler  
  75  8:50  Drone  
  75  8:52  Extractor  
  75  8:54  Queen  
  75  8:55  Mutalisk  
  79  8:57  Zergling x2  
  79  8:58  Zergling x2  
  79  8:59  Overlord x2  
  81  9:04  Overlord  
  81  9:08  Zerg Flyer Weapons Level 1  
  81  9:12  Extractor  
  81  9:17  Overlord x2  
  81  9:19  Drone  
  81  9:20  Drone x2  
  81  9:24  Drone  
  85  9:27  Evolution Chamber  
  85  9:30  Drone x2  
  86  9:32  Mutalisk  
  86  9:33  Infestation Pit  
  86  9:35  Drone  
  86  9:36  Drone  
  86  9:37  Drone  
  90  9:43  Mutalisk x2  
  94  9:46  Drone x2  
  96  10:10  Hive  
  96  10:11  Zerg Ground Armor Level 1  
  96  10:13  Drone  
  96  10:14  Drone x5  
  99  10:16  Spine Crawler  
  99  10:17  Spine Crawler x2  
  99  10:19  Centrifical Hooks  
  99  10:23  Drone  
  99  10:26  Drone  
  101  10:31  Spine Crawler, Drone  
  101  10:32  Spine Crawler  
  100  10:38  Drone  
  101  10:43  Drone, Spine Crawler  
  101  10:44  Spine Crawler  
  100  10:50  Overlord  
  100  11:06  Hatchery  
  99  11:22  Ultralisk Cavern  
  99  11:25  Drone  
  98  11:34  Overlord x3  
  98  11:46  Extractor  
  95  11:48  Zergling x8  
  95  11:49  Extractor, Zergling x6  
  95  11:52  Queen  
  103  11:54  Overlord  
  103  11:56  Overlord  
  103  12:07  Zerg Ground Armor Level 2  
  103  12:08  Chitinous Plating  
  103  12:11  Ultralisk  
  103  12:12  Ultralisk x3  
  103  12:14  Overseer  
  127  12:21  Ultralisk  
  133  12:30  Ultralisk  
  139  12:38  Ultralisk  
  139  12:42  Drone x2  
  145  12:51  Ultralisk  
  151  13:03  Zergling x12  
  155  13:14  Ultralisk  
  155  13:18  Pneumatized Carapace  
  155  13:19  Overseer x2  
  153  13:28  Ultralisk  
  153  13:32  Zergling x8  
  163  13:45  Overlord x4  
  157  13:57  Baneling  
  157  13:58  Baneling x7  
  153  14:06  Ultralisk x2  
  149  14:18  Ultralisk  
  149  14:19  Overseer x4  
  151  14:24  Drone  
  151  14:27  Ultralisk  
  158  14:36  Ultralisk  
  164  14:44  Zergling x14  
  171  14:53  Overlord x2  
  171  14:54  Overlord  
  171  15:13  Ultralisk  
  177  15:28  Ultralisk x2  
  100  15:36  Ultralisk  
  106  15:45  Ultralisk  
Show
View Real Time Build Order
Export as new Build Order

Snute Zerg - Winner!

Build Orders: Hatch First, Lurkers 

Get SALT Encoding   

  12  0:00  Drone  
  13  0:12  Overlord  
  13  0:17  Drone  
  14  0:30  Drone x2  
  14  0:34  Drone  
  17  0:51  Hatchery  
  17  0:53  Drone  
  17  1:07  Spawning Pool  
  17  1:10  Drone  
  17  1:13  Drone  
  17  1:16  Extractor  
  17  1:19  Drone  
  18  1:28  Drone  
  19  1:38  Overlord  
  19  1:49  Drone  
  19  1:54  Queen  
  20  2:00  Zergling x2  
  23  2:02  Queen  
  23  2:03  Drone  
  26  2:11  Drone  
  26  2:14  Drone  
  28  2:17  Metabolic Boost  
  28  2:21  Drone  
  29  2:25  Drone  
  30  2:35  Hatchery  
  29  2:42  Baneling Nest  
  28  2:44  Drone x2  
  28  2:48  Drone  
  28  2:50  Drone  
  32  2:53  Zergling x2  
  32  2:57  Zergling x2  
  34  3:02  Zergling x4  
  34  3:05  Overlord  
  36  3:18  Overlord  
  36  3:24  Zergling x10  
  41  3:30  Zergling x2  
  42  3:35  Drone x2  
  42  3:36  Drone  
  42  3:37  Drone  
  42  3:39  Drone  
  46  3:42  Drone x2  
  46  3:44  Drone  
  46  3:45  Baneling  
  46  3:46  Baneling  
  46  3:48  Baneling  
  49  3:49  Drone x2  
  49  3:50  Drone  
  49  3:55  Baneling  
  52  3:59  Drone x2  
  52  4:01  Drone  
  51  4:10  Drone x2  
  51  4:13  Drone  
  51  4:14  Zergling x4  
  54  4:19  Drone x2  
  54  4:21  Drone  
  54  4:22  Drone  
  56  4:24  Drone  
  56  4:27  Drone  
  56  4:29  Extractor  
  56  4:31  Drone x2  
  56  4:32  Roach Warren  
  56  4:34  Baneling  
  56  4:35  Baneling  
  56  4:36  Queen  
  56  4:37  Overlord  
  57  4:39  Extractor, Overlord  
  57  4:40  Drone  
  58  4:58  Zergling x18  
  57  5:08  Queen  
  57  5:09  Queen  
  57  5:11  Overlord  
  56  5:16  Roach  
  56  5:17  Roach x4  
  56  5:19  Roach  
  67  5:25  Roach x3  
  73  5:29  Overlord  
  73  5:31  Roach  
  73  5:35  Roach  
  76  5:39  Roach  
  76  5:40  Zergling x2  
  76  5:41  Zergling x2  
  76  5:49  Zergling x6  
  78  5:55  Zergling x2  
  78  5:56  Zergling x4  
  80  5:59  Ravager  
  80  6:00  Zergling x2  
  82  6:04  Zergling x4  
  84  6:11  Zergling x2  
  84  6:15  Extractor, Lair  
  84  6:17  Zergling x2  
  84  6:18  Zergling x12  
  89  6:20  Baneling  
  87  6:26  Zergling x4  
  87  6:29  Overlord x2  
  87  6:35  Zergling x4  
  89  6:46  Overlord  
  89  6:48  Overlord  
  89  6:49  Drone x7  
  91  6:56  Baneling x4  
  85  7:04  Drone x5  
  85  7:05  Queen x2  
  88  7:13  Drone  
  88  7:15  Drone x2  
  86  7:16  Drone x2  
  86  7:17  Drone  
  83  7:23  Roach  
  83  7:24  Queen, Roach  
  84  7:31  Hydralisk Den, Extractor, Drone x2  
  84  7:33  Extractor  
  84  7:34  Extractor  
  84  7:35  Roach  
  74  7:42  Queen x2  
  74  7:43  Roach  
  80  7:48  Roach x2  
  83  7:57  Roach x3  
  87  8:00  Queen  
  87  8:05  Roach x3  
  89  8:14  Hydralisk  
  89  8:15  Hydralisk x2  
  95  8:24  Nydus Network, Spore Crawler  
  95  8:25  Spore Crawler  
  95  8:26  Hydralisk  
  92  8:33  Spore Crawler  
  92  8:34  Drone x2  
  92  8:35  Drone  
  92  8:42  Drone x3  
  92  8:46  Drone x2  
  92  8:47  Drone x2, Infestation Pit  
  99  8:53  Evolution Chamber, Drone  
  99  8:56  Drone x2  
  99  8:59  Drone x2  
  99  9:00  Drone  
  104  9:03  Drone  
  104  9:04  Drone  
  104  9:07  Drone x2  
  104  9:09  Drone  
  107  9:10  Drone  
  107  9:12  Drone  
  109  9:19  Zerg Missile Weapons Level 1  
  109  9:21  Muscular Augments  
  109  9:25  Pathogen Glands  
  109  9:47  Infestor x2  
  109  9:49  Overlord x2  
  109  9:52  Overlord x2  
  113  9:56  Overlord x2  
  113  9:59  Hive  
  110  10:10  Overlord x2  
  110  10:13  Glial Reconstitution, Infestor  
  110  10:14  Infestor x2  
  116  10:22  Spore Crawler  
  116  10:23  Hydralisk  
  116  10:24  Spore Crawler, Hydralisk x2  
  120  10:29  Hatchery  
  120  10:30  Hydralisk  
  120  10:31  Hydralisk  
  120  10:34  Lurker Den  
  123  10:38  Hydralisk  
  123  10:39  Hydralisk  
  127  10:49  Hydralisk x4  
  135  10:52  Overlord  
  135  11:03  Hydralisk x4  
  141  11:11  Hydralisk x3  
  143  11:16  Zerg Missile Weapons Level 2  
  147  11:19  Viper  
  147  11:22  Overlord  
  147  11:23  Overlord  
  150  11:37  Drone x4  
  150  11:39  Overlord x2  
  154  11:55  Drone x5  
  154  11:58  Extractor x2  
  155  12:04  Lurker x5  
  155  12:05  Lurker, Hydralisk x5  
  171  12:15  Roach x5  
  179  12:25  Hydralisk  
  179  12:26  Spore Crawler, Overlord  
  179  12:28  Roach  
  179  12:29  Roach x2  
  186  12:39  Overlord  
  186  12:41  Pneumatized Carapace  
  186  12:43  Overseer x2  
  183  12:51  Hydralisk  
  183  12:52  Hydralisk  
  183  12:54  Roach x3  
  193  12:59  Ultralisk Cavern  
  192  13:11  Drone x5  
  183  13:14  Drone x9  
  184  13:20  Drone x3  
  187  13:34  Zerg Missile Weapons Level 3  
  185  13:55  Queen x2  
  185  13:56  Queen  
  185  13:57  Queen  
  181  14:06  Roach  
  181  14:07  Roach x6  
  181  14:08  Roach  
  184  14:18  Drone  
  184  14:19  Drone x4  
  184  14:22  Drone  
  190  14:33  Overlord  
  190  14:52  Lurker x3  
  194  14:53  Lurker x7  
  168  15:29  Hydralisk  
  168  15:30  Hydralisk x12  
  168  15:33  Roach  
  168  15:34  Roach x5  
  182  15:39  Roach x3  
  188  15:46  Ravager x2  
  188  15:47  Ravager x2  
  189  15:59  Roach x5  
Tags
 
Add a new tag
Caveats
  • Supply blocks, unpowered buildings, or Contaminate may cause inaccurate times.
  • Supply counts are checked every 10 seconds.